Map: Orbital Shipyard

Players

裘斯

  • Race: Protoss Protoss
  • League: Master

ReacH - Winner!

  • Race: Protoss Protoss
  • League: Diamond

VOD

Have the link to the VOD?

Description

Time

  • Played on: March 23, 2016, 2:29 a.m.
  • Length: 7:01
Show
View Real Time Build Order
Export as new Build Order

裘斯 Protoss 

Build Orders:  

Get SALT Encoding   

  12  0:01  Probe (Chrono Boost)  
  13  0:11  Probe (Chrono Boost)  
  14  0:19  Pylon  
  14  0:22  Probe (Chrono Boost)  
  15  0:38  Forge, Probe (Chrono Boost)  
  16  0:48  Probe (Chrono Boost)  
  17  0:59  Probe (Chrono Boost)  
  18  1:05  Pylon  
  18  1:22  Pylon  
  18  1:23  Photon Cannon  
  18  1:30  Pylon  
  18  1:42  Pylon  
  18  1:48  Photon Cannon  
  17  1:56  Probe (Chrono Boost)  
  18  2:10  Probe (Chrono Boost)  
  18  2:15  Pylon  
  19  2:20  Probe (Chrono Boost)  
  19  2:37  Pylon  
  19  2:46  Photon Cannon  
  19  2:47  Photon Cannon  
  18  3:03  Pylon  
  17  3:14  Probe (Chrono Boost)  
  18  3:24  Probe (Chrono Boost), Gateway  
  19  3:31  Nexus  
  19  3:35  Probe (Chrono Boost)  
  19  3:36  Assimilator  
  19  3:41  Assimilator  
  20  3:42  Gateway  
  20  3:45  Probe (Chrono Boost)  
  21  3:55  Photon Cannon  
  21  3:56  Photon Cannon  
  20  4:08  Probe (Chrono Boost)  
  21  4:14  Cybernetics Core  
  21  4:18  Probe (Chrono Boost)  
  22  4:29  Probe (Chrono Boost)  
  23  4:39  Pylon  
  23  4:40  Probe (Chrono Boost)  
  24  4:50  Pylon  
  24  4:53  Pylon  
  24  5:05  Pylon  
  24  5:07  Stalker x2, Probe (Chrono Boost)  
  29  5:17  Mothership Core (Chrono Boost), Probe (Chrono Boost)  
  31  5:28  Probe  
  32  5:38  Probe x2  
  34  5:48  Pylon  
  34  5:49  Probe  
  34  5:50  Photon Cannon, Probe  
  36  5:59  Probe  
  37  6:05  Probe  
  37  6:07  Robotics Facility  
  38  6:25  Stalker x2 (Chrono Boost)  
  42  6:28  Probe  
  43  6:37  Pylon  
  43  6:40  Pylon  
  43  6:42  Probe  
  43  6:46  Gateway  
  44  6:49  Photon Cannon, Gateway  
Show
View Real Time Build Order
Export as new Build Order

ReacH Protoss - Winner!

Build Orders:  

Get SALT Encoding   

  12  0:01  Probe (Chrono Boost)  
  13  0:11  Probe (Chrono Boost)  
  14  0:19  Pylon  
  14  0:22  Probe (Chrono Boost)  
  15  0:38  Probe (Chrono Boost)  
  16  0:45  Gateway  
  16  0:49  Gateway  
  16  0:52  Probe (Chrono Boost)  
  16  0:56  Assimilator  
  17  0:57  Assimilator  
  17  1:02  Probe (Chrono Boost)  
  18  1:13  Probe (Chrono Boost)  
  19  1:26  Probe (Chrono Boost)  
  19  1:32  Cybernetics Core  
  20  1:37  Probe (Chrono Boost)  
  21  2:22  Stalker (Chrono Boost)  
  23  2:33  Probe  
  20  2:45  Mothership Core, Pylon  
  22  3:03  Gateway  
  22  3:04  Probe  
  22  3:05  Gateway  
  23  3:21  Probe  
  22  3:28  Pylon  
  22  3:33  Warp Gate (Chrono Boost)  
  21  3:34  Probe  
  21  3:37  Pylon  
  22  3:45  Probe  
  23  3:55  Stalker (Chrono Boost)  
  25  4:00  Stalker (Chrono Boost)  
  27  4:09  Probe, Cybernetics Core  
  27  4:14  Twilight Council  
  28  4:19  Probe  
  31  4:25  Stalker (Chrono Boost)  
  31  4:30  Probe  
  32  4:40  Robotics Facility, Probe  
  33  4:47  Pylon  
  33  4:51  Probe  
  32  5:03  Probe  
  32  5:05  Stalker  
  35  5:07  Stalker  
  35  5:15  Probe  
  36  5:35  Stalker  
  36  5:36  Dark Shrine  
  38  5:44  Warp Prism (Chrono Boost)  
  41  5:52  Pylon  
  40  6:21  Nexus  
  40  6:24  Probe  
  41  6:33  Pylon  
  41  6:36  Probe  
  43  6:40  Observer (Chrono Boost)  
  43  6:49  Gateway  
  43  6:50  Pylon  
  43  6:51  Dark Templar  
  45  6:55  Dark Templar  
Tags
 
Add a new tag
Caveats
  • Supply blocks, unpowered buildings, or Contaminate may cause inaccurate times.
  • Supply counts are checked every 10 seconds.